 Dungeon Crawl Stone Soup version 0.29-a0-284-gf9362112df (webtiles) character file.

Game seed: 15432631451493836788

60 sammy202020 the Shield-Bearer (level 3, -5/36 HPs)
             Began as a Troll Fighter on Mar 22, 2022.
             Slain by Sigmund
             ... wielding a +0 scythe
              (10 damage)
             ... on level 2 of the Dungeon.
             The game lasted 00:02:31 (1171 turns).

sammy202020 the Shield-Bearer (Troll Fighter)       Turns: 1171, Time: 00:02:32

Health: -5/36      AC:  4    Str: 24    XL:     3   Next: 82%
Magic:  2/2        EV:  8    Int:  6    God:
Gold:   93         SH:  7    Dex:  9    Spells: 2/2 levels left

rFire   . . .      SeeInvis +     - Unarmed
rCold   . . .      Faith    .   b - +0 kite shield
rNeg    . . .      Spirit   .   a - +0 robe
rPois   .          Reflect  .   (helmet restricted)
rElec   .          Harm     +   r - scarf {harm}
rCorr   .          Rampage  .   (gloves unavailable)
Will    .....                   (boots unavailable)
Stlth   +.........              (no amulet)
HPRegen 0.92/turn               l - ring of see invisible
MPRegen 0.08/turn               (no ring)

@: no status effects
A: large, unfitting armour, claws 3, regeneration 1, shaggy fur 1, tough skin 1
a: no special abilities


You were on level 2 of the Dungeon.
You visited 1 branch of the dungeon, and saw 2 of its levels.

You collected 93 gold pieces.

Inventory:

Missiles
 e - a throwing net
 h - 6 silver boomerangs (quivered)
 i - 3 large rocks
Armour
 a - a +0 robe (worn)
 b - a +0 kite shield (worn)
 r - a scarf of harm (worn)
Jewellery
 l - a ring of see invisible (left claw)
 o - an amulet of magic regeneration
Scrolls
 d - 3 scrolls of identify {unknown}
 g - a scroll of enchant weapon {unknown}
 j - 2 scrolls of amnesia {unknown}
 k - 2 scrolls of fear {unknown}
 m - a scroll of noise {unknown}
 n - a scroll of enchant armour {unknown}
 t - a scroll of torment {unknown}
Potions
 c - a potion of might
 f - a potion of brilliance {unknown}
 p - a potion of cancellation {unknown}
 q - a potion of haste {unknown}
 s - 2 potions of curing {unknown}


   Skills:
 * Level 2.9 Fighting
 + Level 2.6 Dodging
 * Level 2.9 Shields
 * Level 2.9 Unarmed Combat


You had 2 spell levels left.
You didn't know any spells.
Your spell library contained the following spells:

 Spells                   Type           Power      Damage    Failure   Level
 Beastly Appendage        Tmut           0%         N/A       77%         1
 Wereblood                Tmut           0%         N/A       88%         2
 Conjure Flame            Conj/Fire      0%         6-21      98%         3
 Ignite Poison            Fire/Tmut/Pois 0%         N/A       98%         3
 Spider Form              Tmut/Pois      0%         N/A       98%         3
 Sticky Flame             Conj/Fire      0%         2d3       100%        4


Dungeon Overview and Level Annotations

Branches:
Dungeon (2/15)

Altars:

Annotations:
D:2 Sigmund


Innate Abilities, Weirdness & Mutations

You are too large for most types of armour.
You have claws for hands.
Your natural rate of healing is unusually fast.
You are covered in fur. (AC +1)
You have tough skin. (AC +1)


Message History

The jackal closely misses you.
Sigmund gestures wildly while chanting.
Sigmund flickers and vanishes for a moment.
You block the jackal's attack.
You barely miss the jackal.
The jackal bites you but does no damage.
Sigmund hits you from afar with a +0 scythe.
You are too injured to fight recklessly!
You are too injured to fight recklessly!
You are too injured to fight recklessly!
You are too injured to fight recklessly!
You are too injured to fight recklessly!
You are too injured to fight recklessly!
You are too injured to fight recklessly!
You are too injured to fight recklessly!
You are too injured to fight recklessly!
You are too injured to fight recklessly!
You are too injured to fight recklessly!
You are too injured to fight recklessly!
You are too injured to fight recklessly!
You are too injured to fight recklessly!
You are too injured to fight recklessly!
Unknown command.
You are too injured to fight recklessly!
You are too injured to fight recklessly!
Sorry, you're not good enough to have a special ability.
You scratch the jackal but do no damage.
The jackal bites you but does no damage.
You block the dart slug's attack. The jackal bites you.
Sigmund hits you from afar with a +0 scythe.
The jackal bites you.
You scratch Sigmund but do no damage. You block the jackal's attack.
Sigmund hits you with a +0 scythe!
* * * LOW HITPOINT WARNING * * *
The jackal closely misses you.
You claw Sigmund!
Sigmund is moderately wounded.
The jackal closely misses you. You block the dart slug's attack.
Sigmund hits you with a +0 scythe!
You die...

#.##.#...)....
#.##......#.##
#.##.######...
#######.##.#########
#.....#.#####.......
#...[.#.#####.######
#.....#........# #
#..@w.#######..# #
#..@h.##### #..# #
#.........# #..# #
#####.###.# #..# #
#.# #.# #..# #
#.###.###..#
#..........#
#.#######.#....#
#.........#.#.##
###########.. ..


You could see Sigmund (invisible), a dart slug and a jackal.

Vanquished Creatures
  2 adders (D:2)
  2 dart slugs (D:1)
  3 ball pythons (D:1)
  3 bats
  5 endoplasms
  A giant cockroach (D:2)
  4 hobgoblins
  A jackal (D:2)
  5 kobolds
  3 goblins (D:2)
  5 rats
34 creatures vanquished.

Notes
Turn   | Place    | Note
-------+----------+-------------------------------------------
     0 | D:1      | sammy202020 the Troll Fighter began the quest for the Orb.
     0 | D:1      | Reached XP level 1. HP: 22/22 MP: 0/0
   131 | D:1      | Reached XP level 2. HP: 29/29 MP: 1/1
   208 | D:1      | Found a faded altar of an unknown god.
   648 | D:2      | Reached XP level 3. HP: 31/36 MP: 2/2
  1161 | D:2      | Noticed Sigmund
  1171 | D:2      | Slain by Sigmund

Illustrated notes

Levels and vault maps discovered:
D:1:      lemuel_arrival_muddy, layout_rooms, basic_ecumenical_altar
D:2:      cheibrodos_greedy_goblins, layout_basic, uniq_sigmund

Action                   || total
-------------------------++-------
Melee: Unarmed           ||   101
Armor: Robe              ||    27
Dodge: Dodged            ||    33
Block: Kite shield       ||    31

Table legend: (Time is in decaauts)
 A = Elapsed time spent in this place.
 B = Non-inter-level travel time spent in this place.
 C = Inter-level travel time spent in this place.
 D = Time resting spent in this place.
 E = Time spent auto-exploring this place.
 F = Levels seen in this place.
 G = Mean time per level.
                   A        B        C        D        E       F      G
               +--------+--------+--------+--------+--------+-----+--------+
         Total |   1181 |   1181 |      0 |      0 |    915 |   2 |  590.5 |
       Dungeon |   1181 |   1181 |      0 |      0 |    915 |   2 |  590.5 |
               +--------+--------+--------+--------+--------+-----+--------+

Top non-repeatable levels by time:
     D:2: 648 daAuts
     D:1: 533 daAuts
